 Dungeon Crawl Stone Soup version 0.30-a0-364-gf6b3ef1049 (webtiles) character file.

Game seed: 690042131181401005

2203 Ijustatesigmund the Thaumaturge (level 9, -1/51 HPs)
             Began as a Deep Elf Fire Elementalist on Nov 14, 2022.
             Succumbed to a scorpion's poison
             ... on level 5 of the Dungeon.
             The game lasted 00:18:04 (7665 turns).

Ijustatesigmund the Thaumaturge (DEFE)              Turns: 7665, Time: 00:18:05

Health: -1/51      AC:  7    Str:  5    XL:     9   Next: 12%
Magic:  2/23       EV: 16    Int: 25    God:
Gold:   358        SH:  6    Dex: 15    Spells: 18/24 levels left

rFire   . . .      SeeInvis .    c - +1 flail (protect)
rCold   . . .      Faith    .    j - +1 buckler
rNeg    . . .      Spirit   .    a - +0 robe
rPois   .          Reflect  .    (no helmet)
rElec   .          Harm     .    m - +2 cloak
rCorr   .          Rampage  .    k - +1 pair of gloves
Will    .....                    (no boots)
Stlth   ++........               (no amulet)
HPRegen 0.28/turn                h - +4 ring of evasion
MPRegen 0.18/turn                i - ring of wizardry

@: lethally poisoned (-1 -> -15)
A: no striking features
a: no special abilities


You were on level 5 of the Dungeon.
You visited 1 branch of the dungeon, and saw 5 of its levels.
You also visited: Sewer.

You collected 358 gold pieces.

Inventory:

Hand Weapons
 c - a +1 flail of protection (weapon)
Armour
 a - a +0 robe (worn)
 j - a +1 buckler (worn)
 k - a +1 pair of gloves (worn)
 m - a +2 cloak (worn)
Jewellery
 h - a +4 ring of evasion (left hand)
 i - a ring of wizardry (right hand)
 n - a ring of ice
Wands
 e - a wand of digging (3)
 g - a wand of flame (25)
Scrolls
 d - 3 scrolls of immolation
 o - 3 scrolls of identify
 p - a scroll of vulnerability
 q - a scroll of enchant armour
Potions
 f - 9 potions of flight


   Skills:
 + Level 3.5 Fighting
 - Level 2.4 Dodging
 - Level 2.4 Stealth
 - Level 3.0 Shields
 + Level 8.1 Spellcasting
 + Level 6.3 Conjurations
 - Level 4.6 Fire Magic
 + Level 5.2 Earth Magic
 - Level 3.0 Evocations


You had 18 spell levels left.
You knew the following spells:

 Your Spells              Type           Power      Damage    Failure   Level
a - Foxfire               Conj/Fire      100%       2x1d9     1%          1
b - Scorch                Fire           66%        2d8       1%          2
c - Stone Arrow           Conj/Erth      78%        3d11      1%          3

Your spell library contained the following spells:

 Spells                   Type           Power      Damage    Failure   Level
 Sandblast                Erth           72%        2d16      1%          1
 Passwall                 Tmut/Erth      19%        N/A       1%          2
 Dazzling Flash           Conj/Hex       52%        N/A       2%          3
 Inner Flame              Hex/Fire       21%        N/A       3%          3
 Flame Wave               Conj/Fire      37%        2d10      3%          4
 Kindle Blastsparks       Fire/Tloc/Air  34%        2d12      5%          3
 Iskenderun's Mystic Bla  Conj/Tloc      26%        2d7       9%          4
 Starburst                Conj/Fire      18%        6d7       43%         6


Dungeon Overview and Level Annotations

Branches:
Dungeon (5/15)              Sewer (visited)
 Temple: D:4-7

Altars:
Okawaru
Ru
Sif Muna
Yredelemnul

Shops:
D:3 =

Annotations:
D:5 Dowan


Message History

Aim: an adder (almost dead, 53% to hit)
The puff of flame hits the adder.
You kill the adder!
The hound stops to sniff the ground.
Casting: Foxfire (safe; 1% risk of failure)
Confirm with . or Enter, or press ? or * to list all spells.
Aiming: Stone Arrow (safe; 1% risk of failure)
Press: ? - help, Shift-Dir - straight line, f - phantom
Aim: a phantom (heavily damaged, 64% to hit)
The stone arrow hits the phantom!
You destroy the phantom!
The scorpion stings you.
You are poisoned.
The scorpion poisons you!
Okay, then.
Okay, then.
Okay, then.
Casting: Stone Arrow (safe; 1% risk of failure)
Confirm with . or Enter, or press ? or * to list all spells.
You conjure some foxfire!
* * * LOW HITPOINT WARNING * * *
You feel very sick. The scorpion stings you.
* * * LOW HITPOINT WARNING * * *
You are lethally poisoned!
The scorpion poisons you!
* * * LOW HITPOINT WARNING * * *
You feel very sick.
The foxfire hits the ogre.
The ogre is moderately wounded.
The scorpion completely misses you.
Casting: Foxfire (safe; 1% risk of failure)
Confirm with . or Enter, or press ? or * to list all spells.
Flames lash the ogre.
The ogre is severely wounded.
The ogre's fire resistance burns away.
* * * LOW HITPOINT WARNING * * *
You feel very sick. The scorpion closely misses you.
The ogre closely misses you.
You die... #....#..# $>$$

#h...#..... #....#8.# .##.
8#....##.### #....#.h# ≈.§
.$#O...##.# #....##..##.§
..##....##.#
##....##..#§##..##....###.#
##....##......##....##...#
###...###..###...###..###
#....##...†###...##)...##
##### ###.hs@O.#########
########


You could see an ogre (combustible), a scorpion and a hound.

Vanquished Creatures
  Sigmund (D:2)
  A wyvern (D:5)
  Duvessa (D:5)
  An ice beast (D:5)
  A black bear (D:4)
  2 ogres
  A phantom (D:5)
  3 necrophages
  2 scorpions (D:5)
  A wight (D:4)
  2 howler monkeys
  2 jellies
  A bullfrog zombie (D:4)
  A human zombie (D:4)
  Crazy Yiuf (D:3)
  9 hounds
  Jessica (D:3)
  An orc wizard (D:4)
  Natasha (twice) (D:3)
  An iguana (D:4)
  A scorpion zombie (D:4)
  Terence (D:3)
  A hound zombie (D:4)
  3 mummies (D:4)
  13 adders
  4 river rats (Sewer)
  4 ufetubi (D:5)
  2 adder zombies (D:4)
  2 worms
  3 dart slugs (D:3)
  8 orcs
  12 ball pythons
  15 bats
  5 endoplasms
  5 giant cockroaches
  6 hobgoblins
  3 jackals (Sewer)
  6 kobolds
  9 quokkas
  6 frilled lizards
  7 goblins
  4 rats
155 creatures vanquished.

Vanquished Creatures (collateral kills)
  A foxfire (D:1)
1 creature vanquished.

Vanquished Creatures (others)
  354 foxfires
  4 fungi
358 creatures vanquished.

Grand Total: 514 creatures vanquished

Notes
Turn   | Place    | Note
-------+----------+-------------------------------------------
     0 | D:1      | Ijustatesigmund the Deep Elf Fire Elementalist began the
                  | quest for the Orb.
     0 | D:1      | Reached XP level 1. HP: 10/10 MP: 6/6
   250 | D:1      | Reached XP level 2. HP: 16/16 MP: 5/8
   558 | D:2      | Learned a level 2 spell: Scorch
   588 | D:1      | Reached XP level 3. HP: 20/20 MP: 6/10
   647 | D:1      | Reached skill level 1 in Fighting
  1117 | D:1      | Found a faded altar of an unknown god.
  1668 | D:2      | Noticed Sigmund
  1687 | D:2      | Killed Sigmund
  1688 | D:2      | Reached skill level 1 in Shields
  1688 | D:2      | Reached skill level 4 in Spellcasting
  1688 | D:2      | Reached XP level 4. HP: 15/25 MP: 7/12
  1688 | D:2      | Reached XP level 5. HP: 17/29 MP: 7/13
  2188 | D:3      | Noticed Natasha
  2196 | D:3      | Killed Natasha
  2296 | D:3      | Noticed Jessica
  2298 | D:3      | Killed Jessica
  2387 | D:3      | Found a glowing drain.
  2396 | Sewer    | Entered a sewer
  2521 | Sewer    | Learned a level 3 spell: Stone Arrow
  2548 | Sewer    | Reached skill level 5 in Spellcasting
  2562 | Sewer    | Reached XP level 6. HP: 34/34 MP: 12/15
  3029 | Sewer    | Reached skill level 1 in Earth Magic
  3957 | D:3      | Found a runed translucent door.
  3958 | D:3      | Noticed Crazy Yiuf
  3964 | D:3      | Killed Crazy Yiuf
  4173 | D:3      | Found Zefo's Jewellery Boutique.
  4314 | D:3      | Noticed Terence
  4320 | D:3      | Killed Terence
  4405 | D:3      | Found a shimmering blue altar of Sif Muna.
  4477 | D:3      | Noticed Natasha
  4482 | D:3      | Killed Natasha
  4624 | D:4      | Reached XP level 7. HP: 33/38 MP: 5/17
  4896 | D:4      | Reached skill level 6 in Spellcasting
  5243 | D:4      | Reached skill level 1 in Evocations
  5677 | D:4      | Found a basalt altar of Yredelemnul.
  6080 | D:4      | Reached XP level 8. HP: 43/44 MP: 8/19
  6304 | D:4      | Reached skill level 5 in Conjurations
  6939 | D:5      | Entered Level 5 of the Dungeon
  6958 | D:5      | Found an iron altar of Okawaru.
  6960 | D:5      | Noticed Duvessa
  6960 | D:5      | Noticed Dowan
  6981 | D:5      | Killed Duvessa
  7123 | D:5      | Reached skill level 7 in Spellcasting
  7283 | D:5      | Found a sacrificial altar of Ru.
  7572 | D:5      | Reached XP level 9. HP: 28/51 MP: 10/22
  7581 | D:5      | Reached skill level 5 in Earth Magic
  7594 | D:5      | Reached skill level 8 in Spellcasting
  7664 | D:5      | HP: 2/51 [poisoned by a scorpion]
  7665 | D:5      | Succumbed to a scorpion's poison

Illustrated notes

Levels and vault maps discovered:
D:1:      minmay_arrival_five_plusses, layout_basic,
          shapermc_ecumenical_altar_ellora, minmay_tetromino_o4
D:2:      layout_basic, uniq_sigmund
D:3:      layout_basic, marbit_many_paths, serial_shops,
          nicolae_shop_window_shopping, portal_sewer_entry_d,
          kennysheep_generic_room_10, uniq_jessica, uniq_natasha, uniq_terence,
          uniq_crazy_yiuf_cottage
D:4:      layout_basic, lemuel_mausoleum_altar_yredelemnul, grunt_ministairs_11
D:5:      layout_basic, okawaru_gym_becter,
          mainiacjoe_overflow_concentric_impassable,
          nicolae_concentric_dashed_squares_mild, nzn_random_ring, uniq_duvessa

Skill      XL: |  1  2  3  4  5  6  7  8  9 |
---------------+----------------------------+-----
Fighting       | 1 2 3 |  3.5
Conjurations   | 2 3 4 6 |  6.3
Shields        | 1 2 3 |  3.0
Spellcasting   | 4 5 6 7 8 |  8.1
Fire Magic     | 4 |  4.6
Earth Magic    | 2 3 4 5 |  5.2
Evocations     | 2 3 |  3.0
Dodging        | |  2.4
Stealth        | |  2.4

Action                   |  1- 3 |  4- 6 |  7- 9 || total
-------------------------+-------+-------+-------++-------
Melee: Mace              |     7 |       |       ||     7
       Flail             |       |     6 |     6 ||    12
 Cast: Foxfire           |    57 |    98 |    60 ||   215
       Scorch            |     2 |    10 |    84 ||    96
       Stone Arrow       |       |       |    17 ||    17
Evoke: Wand              |       |       |     3 ||     3
  Use: Scroll            |     5 |    10 |     1 ||    16
       Potion            |     2 |       |     2 ||     4
Armor: Robe              |     2 |    13 |    45 ||    60
       Skin              |     3 |       |       ||     3
Dodge: Dodged            |     5 |    45 |   141 ||   191
Block: Buckler           |       |    19 |    47 ||    66

Table legend: (Time is in decaauts)
 A = Elapsed time spent in this place.
 B = Non-inter-level travel time spent in this place.
 C = Inter-level travel time spent in this place.
 D = Time resting spent in this place.
 E = Time spent auto-exploring this place.
 F = Levels seen in this place.
 G = Mean time per level.
                   A        B        C        D        E       F      G
               +--------+--------+--------+--------+--------+-----+--------+
         Total |   7862 |   7727 |    135 |   2073 |   4266 |   6 | 1310.3 |
       Dungeon |   6418 |   6283 |    135 |   1544 |   3615 |   5 | 1283.6 |
         Sewer |   1444 |   1444 |      0 |    529 |    651 |   1 | 1444.0 |
               +--------+--------+--------+--------+--------+-----+--------+

Top non-repeatable levels by time:
     D:4: 2445 daAuts
   Sewer: 1444 daAuts
     D:1: 1280 daAuts
     D:3: 1171 daAuts
     D:2: 913 daAuts
     D:5: 608 daAuts
